 Dungeon Crawl Stone Soup version 0.28.0-45-g0d030f2227 (webtiles) character file.

Game seed: 18283812546763737988

135 Bruhh the Magician (level 5, -1/35 HPs)
             Began as a Djinni Ice Elementalist on Apr 22, 2022.
             Hit by a stone thrown by a gnoll (3 damage)
             ... on level 2 of the Dungeon.
             The game lasted 00:04:02 (2967 turns).

Bruhh the Magician (Djinni Ice Elementalist)        Turns: 2967, Time: 00:04:03

Health: -1/35      AC:  3    Str:  7    XL:     5   Next: 41%
Gold:   74         EV: 11    Int: 18    God:
                   SH:  0    Dex: 14

rFire   + + .      SeeInvis .   k - +0 spear (distort)
rCold   x . .      Faith    .   (no shield)
rNeg    . . .      Spirit   .   i - +0 leather armour
rPois   ∞          Reflect  .   (no helmet)
rElec   .          Harm     .   (no cloak)
rCorr   .          Rampage  .   (no gloves)
Will    .....                   (boots unavailable)
Stlth   ++........              (no amulet)
HPRegen 0.11/turn               (no ring)
MPRegen 0.00/turn               (no ring)

@: flying
A: sickness immunity, fire resistance 2, cold vulnerability 1, float, innate
caster, HP casting, extra vitality 1
a: no special abilities


You were on level 2 of the Dungeon.
You visited 1 branch of the dungeon, and saw 3 of its levels.

You collected 74 gold pieces.

Inventory:

Hand Weapons
 k - a +0 spear of distortion (weapon)
Armour
 a - a +0 robe
 i - a +0 leather armour (worn)
Jewellery
 l - a ring of see invisible
Scrolls
 c - a scroll of teleportation {unknown}
 e - 3 scrolls of identify {unknown}
 f - a scroll of silence {unknown}
 g - a scroll of fear {unknown}
 h - 2 scrolls of noise {unknown}
 j - a scroll of brand weapon {unknown}
 n - a scroll of vulnerability {unknown}
Potions
 b - 2 potions of degeneration {unknown}
 d - 2 potions of might {unknown}
 m - a potion of curing {unknown}
 o - 2 potions of haste {unknown}


   Skills:
 - Level 2.1 Dodging
 - Level 1.5 Stealth
 * Level 5.0 Spellcasting


You couldn't memorise any spells.
You knew the following spells:

 Your Spells              Type           Power      Damage    Failure   Level
a - Freeze                Ice            88%        1d10      2%          1
b - Frozen Ramparts       Ice            44%        1d6       8%          3
c - Ozocubu's Armour      Ice            22%        N/A       8%          3
d - Hailstorm             Conj/Ice       22%        3d7       26%         4
e - Magic Dart            Conj           88%        1d7       2%          1
f - Call Imp              Summ           22%        N/A       3%          2
Your spell library was empty.

Dungeon Overview and Level Annotations

Branches:
Dungeon (3/15)

Altars:


Innate Abilities, Weirdness & Mutations

You are immune to sickness and miasma.
You are immune to poison.
Your flesh is very heat resistant. (rF++)
You are vulnerable to cold. (rC-)
You float through the air rather than walking.
You learn spells naturally, not from books.
Your magical power is your life essence.
You have superior vitality. (+4 MHP)


Message History

You fly upwards.
There is a stone staircase leading down here.
You closely miss the gnoll. The gnoll barely misses you. x2
The gnoll hits you with a +0 spear.
You hit the gnoll.
Space warps horribly around the gnoll.
The gnoll is heavily wounded.
The gnoll hits you with a +0 whip. x2; The gnoll hits you with a +0 spear.
You hit the gnoll.
Space warps around the gnoll.
You kill the gnoll!
The gnoll hits you with a +0 whip. The gnoll hits you with a +0 spear.
The gnoll hits you with a +0 whip.
* * * LOW HITPOINT WARNING * * *
The gnoll hits you but does no damage.
Things that are here:
a +0 whip; a ring of protection from cold; 8 gold pieces The gnoll hits you with a +0 whip.
* * * LOW HITPOINT WARNING * * *
You are too injured to fight recklessly!
Casting: Freeze (safe; 2% risk of failure)
Confirm with . or Enter, or press ? or * to list all spells.
Aiming: Freeze (safe; 2% risk of failure)
Press: ? - help, Shift-Dir - straight line, f - gnoll
Aim: a gnoll, wielding a +0 whip (severely wounded)
You freeze the gnoll!
You kill the gnoll!
* * * LOW HITPOINT WARNING * * *
The gnoll throws a throwing net.
The throwing net closely misses you.
Your Spellcasting skill increases to level 5!
The gnoll throws a throwing net.
The throwing net barely misses you.
You see here 12 sling bullets.
Casting: Freeze (safe; 2% risk of failure)
Confirm with . or Enter, or press ? or * to list all spells.
A beastly little devil appears in a puff of flame.
* * * LOW HITPOINT WARNING * * *
The gnoll barely misses you.
You swap places.
The gnoll throws a stone.
The stone hits you.
* * * LOW HITPOINT WARNING * * *
The gnoll closely misses you.
The gnoll throws a stone.
The stone hits you.
You die...

#### ######
...######## #....#
##>)g)g..(# #....#
########g# ####....#
#.####...(..## #####
#.##g...@..##
....#####....##.####
###..)...<.[#g5.#
#######...#...#######
....###.#.##..##....#
###.....#...........#
.......##.#####.....#
######....##.....<..#
....##.......###....#


You could see 2 gnolls and a friendly crimson imp (summoned).

Vanquished Creatures
  5 adders
  2 gnolls (D:2)
  A worm (D:3)
  A dart slug (D:1)
  4 bats
  6 endoplasms
  11 giant cockroaches
  3 goblins
  6 hobgoblins
  2 jackals (D:2)
  5 kobolds
  4 quokkas
  5 ball pythons
  2 frilled lizards
  3 rats (D:1)
60 creatures vanquished.

Notes
Turn   | Place    | Note
-------+----------+-------------------------------------------
     0 | D:1      | Bruhh the Djinni Ice Elementalist began the quest for the
                  | Orb.
     0 | D:1      | Reached XP level 1. HP: 15/15 MP: 0/0
   144 | D:1      | Reached XP level 2. HP: 4/21 MP: 0/0
  1042 | D:2      | Reached XP level 3. HP: 21/25 MP: 0/0
  1042 | D:2      | Learned a level 1 spell: Magic Dart
  1301 | D:2      | Reached skill level 4 in Spellcasting
  1425 | D:2      | Reached XP level 4. HP: 22/31 MP: 0/0
  2603 | D:3      | Found a faded altar of an unknown god.
  2632 | D:3      | Reached XP level 5. HP: 30/35 MP: 0/0
  2632 | D:3      | Learned a level 2 spell: Call Imp
  2952 | D:2      | Reached skill level 5 in Spellcasting
  2967 | D:2      | Hit by a stone thrown by a gnoll

Illustrated notes

Levels and vault maps discovered:
D:1:      eino_arrival_cavern_b, layout_rooms
D:2:      minmay_roachtagon, layout_rooms
D:3:      layout_rooms, ebering_ecumenical_altar_mist, chequers_avenue,
          wad_floor_pattern_2

Skill      XL: |  1  2  3  4  5 |
---------------+----------------+-----
Spellcasting   | 4 5 |  5.0
Dodging        | |  2.1
Stealth        | |  1.5

Action                   |  1- 3 |  4- 6 || total
-------------------------+-------+-------++-------
Melee: Unarmed           |    15 |       ||    15
       Spear             |       |    33 ||    33
 Cast: Freeze            |    47 |    49 ||    96
       Call Imp          |       |     1 ||     1
 Stab: Sleeping          |       |     1 ||     1
Armor: Robe              |     9 |       ||     9
       Leather armour    |     1 |    15 ||    16
Dodge: Dodged            |    39 |    55 ||    94
